Griffins vs Gulls

Created - 3 février 2024 at 09:36

Goals
1 2 3 T
Griffins 0 2 1 3
Gulls 1 1 3 5
Shots
1 2 3 T
Griffins 13 17 11 41
Gulls 9 10 18 37

GoalsPenalties
1st period
1. Gulls , Jack Becker 2 (Egor Sokolov 14, Zach Solow 6) at 12:41
No Penalty
2nd period
2. Griffins , Emil Heineman 6 (Jacob Perreault 10, Chris Wideman 39) at 2:29
3. Gulls , Zach Giuttari 5 (Xavier Parent 4) at 9:35 (PP)
4. Griffins , Jiri Kulich 24 (Logan Stanley 21, Jordan Spence 20) at 18:52
Zack Kassian (DET) for High sticking (Minor) at 4:26
Jack Thompson (DET) for Holding Stick (Minor) at 8:55
Justin Bailey (ANA) for Goalie Interference (Minor) at 14:02
Jiri Kulich (DET) for Cross-checking (Minor) at 14:18
3rd period
5. Gulls , Egor Sokolov 17 (Wyatt Bongiovanni 9) at 5:58 (PP)
6. Griffins , Joseph LaBate 4 (Jacob Perreault 11, Jack Thompson 15) at 13:36
7. Gulls , Justin Bailey 9 (Matthew Knies 15, Wyatt Bongiovanni 10) at 16:57
8. Gulls , Wyatt Bongiovanni 6 (Matthew Knies 16) at 19:35
Vincent Arseneau (ANA) for Hooking (Minor) at 1:03
Philip Broberg (ANA) for Fighting (Major) at 3:37
Chris Wideman (DET) for Fighting (Major) at 3:37
Logan Stanley (DET) for Holding (Minor) at 5:52
Jake Livingstone (ANA) for Roughing (Minor) at 7:42
Goalie Stats
Mads Sogaard (DET), 32 saves from 37 shots - (0,865), L, 41-16-8, 60:00 minutes
Louis Domingue (ANA), 38 saves from 41 shots - (0,927), W, 31-30-13, 60:00 minutes
3 StarsOfficial
1 - Wyatt Bongiovanni (ANA)
2 - Matthew Knies (ANA)
3 - Egor Sokolov (ANA)
Referees : Chelsea Rapin and Conor O'Donnell
Linesman : Lisa Linnek and Owen Gidlow
Game Note
1:40 of 3rd period - Griffins goal is going for a video replay. After video review, No Goal. The puck has been kicked using a distinct kicking motion.
Chris Wideman beats up Philip Broberg at 3:37 of 3rd period



Team Name Goals Shots Shots Attemp Shots Blocked PIM HIT PP PK FO%
Griffins 341821113340 / 3 (0%)258%
Gulls 537621711242 / 4 (50%)042%

Griffins
Player Name POS G A P +/- PIM HIT SHT SB MP PP MP PP SHT PK MP PK SHT FO% FOT GA TA
Chris WidemanD011-2505118:211:2100:1600% 011
Cole SchwindtC/RW000-2034021:262:0711:36050% 2601
Egor ZamulaD000002007:570:0000:0000% 000
Emil HeinemanLW1011001011:560:0000:0000% 000
Jack ThompsonD011-1211218:461:2700:2200% 001
Jacob MacDonaldD0000031118:201:3001:1400% 010
Jacob PerreaultRW0221021011:560:0000:0000% 110
Jakob PelletierLW000-2014121:242:0701:52075% 410
Jeff KubiakC0001023017:272:0710:48079% 1910
Jiri KulichC/LW1011234016:402:0610:000100% 210
Jordan SpenceD0112032324:081:2601:3100% 002
Joseph LaBateLW1011014014:050:0001:07050% 1000
Keean WashkurakC000001007:330:0000:00050% 400
Logan StanleyD0111233124:442:4411:2500% 010
Markus NurmiLW/RW0001004016:382:0700:0000% 100
Mason GeertsenLW000002008:030:0000:1200% 000
Matthew KesselD0000021015:140:0001:1410% 001
Zack KassianRW000-2253220:332:0700:2700% 200
Gulls
Player Name POS G A P +/- PIM HIT SHT SB MP PP MP PP SHT PK MP PK SHT FO% FOT GA TA
Egor SokolovLW1120015122:091:5012:370100% 110
Guillaume BriseboisD0000000114:130:4902:0200% 001
Jack BeckerC/LW/RW101-1031315:001:0700:33071% 701
Jacob Bernard-DockerD0000000110:280:0000:5600% 001
Jake LivingstoneD0001265328:361:4200:5200% 010
Justin BaileyRW1012237123:061:5402:21038% 810
Kale HowarthLW000-100019:560:3400:5100% 100
Matthew KniesLW0222034019:070:0000:0000% 020
Maxim CajkovicRW000-1020111:510:0000:0000% 100
Noel GunlerLW/RW000000000:000:0000:0000% 000
Philip BrobergD0001504119:170:0000:1600% 000
Vincent ArseneauLW000-1211013:240:1500:4600% 000
Wyatt BongiovanniC1232032020:301:2300:00035% 3101
Xavier ParentC/LW/RW011-1001114:310:5300:00040% 1500
Yanni KaldisD000-1014020:291:2201:3610% 012
Zach GiuttariD101-1003327:202:0913:0210% 001
Zach SolowRW011-1010014:431:0700:000100% 100
Zach TsekosC000000009:350:0001:20050% 400

Griffins

5 vs 5 Forward
Line #Left WingCenterRight WingPHYDFOFWanted %Time %Time Play
1Jakob PelletierCole SchwindtZack Kassian0323532%15:59
2Jiri KulichJeff KubiakMarkus Nurmi0323429%14:49
3Emil HeinemanJoseph LaBateJacob Perreault0322624%11:56
4Mason GeertsenKeean WashkurakEgor Zamula032515%7:33
5 vs 5 Defense
Line #DefenseDefensePHYDFOFWanted %Time %Time Play
1Logan StanleyJordan Spence0323536%18:16
2Chris WidemanJack Thompson0323435%17:37
3Jacob MacDonaldMatthew Kessel0322626%13:10
4Logan StanleyJordan Spence03252%1:14
Power Play Forward
Line #Left WingCenterRight WingPHYDFOFWanted %Time %Time Play
1Jakob PelletierCole SchwindtZack Kassian1045350%2:07
2Jiri KulichJeff KubiakMarkus Nurmi1044750%2:07
Power Play Defense
Line #DefenseDefensePHYDFOFWanted %Time %Time Play
1Logan StanleyChris Wideman0145366%2:48
2Jacob MacDonaldJordan Spence0144734%1:26
Penalty Kill 4 Players Forward
Line #CenterWingPHYDFOFWanted %Time %Time Play
1Cole SchwindtJakob Pelletier1315562%1:52
2Joseph LaBateZack Kassian1314538%1:09
Penalty Kill 4 Players Defense
Line #DefenseDefensePHYDFOFWanted %Time %Time Play
1Logan StanleyJordan Spence1315550%1:31
2Jacob MacDonaldMatthew Kessel1314550%1:30
Penalty Kill 3 Players
Line #WingPHYDFOFWanted %Time %Time PlayDefenseDefensePHYDFOFWanted %Time %Time Play
1Cole Schwindt131550%0:00 Logan StanleyJordan Spence131550%0:00
2Jakob Pelletier131450%0:00 Jacob MacDonaldMatthew Kessel131450%0:00
4 vs 4 Forward
Line #CenterWingPHYDFOFWanted %Time %Time Play
1Jakob PelletierZack Kassian03260100%1:43
2Cole SchwindtJiri Kulich032400%0:00
4 vs 4 Defense
Line #DefensePHYDFOFWanted %Time %Time Play
1Logan StanleyJordan Spence1226072%60% - 1:14
2Chris WidemanJack Thompson1224028%40% - 0:29
Last Minutes Offensive
Left WingCenterRight WingDefenseDefense
Jakob PelletierCole SchwindtZack KassianLogan StanleyChris Wideman
Last Minutes Defensive
Left WingCenterRight WingDefenseDefense
Jakob PelletierCole SchwindtZack KassianLogan StanleyJacob MacDonald
Time
Total ForwardTotal DefenseLast Minutes OffensiveLast Minutes Defensive
60:00 60:00 0:450:00
Extra Forwards
Normal PowerPlayPenalty Kill
Zack Kassian, Jakob Pelletier, Cole SchwindtJeff Kubiak, Jacob PerreaultJeff Kubiak
Extra Defensemen
Normal PowerPlayPenalty Kill
Logan Stanley, Jacob MacDonald, Chris WidemanJack Thompson, Jack ThompsonChris Wideman
Penalty Shots
Jakob Pelletier, Zack Kassian, Jordan Spence, Cole Schwindt, Jiri Kulich
Goalie
Mads Sogaard, Jakub Skarek
Scratches
Jordie Benn (Healthy), T.J. Tynan (Sprained Left Ankle Injury), Tim Gettinger (Strained Back Injury), Brandon Coe (Healthy), Reece Newkirk (Healthy) Xavier Bernard (Healthy), Ronan Seeley (Healthy), Simon Edvinsson (Healthy), Tyrel Bauer (Healthy), Christopher Gibson (Healthy) Sebastian Cossa (Healthy)

Gulls

5 vs 5 Forward
Line #Left WingCenterRight WingPHYDFOFWanted %Time %Time Play
1Matthew KniesWyatt BongiovanniJustin Bailey1224038%19:12
2Egor SokolovJack BeckerZach Solow1223027%13:20
3Vincent ArseneauXavier ParentMaxim Cajkovic1222024%11:51
4Kale HowarthZach TsekosEgor Sokolov1221012%5:55
5 vs 5 Defense
Line #DefenseDefensePHYDFOFWanted %Time %Time Play
1Philip BrobergJake Livingstone1224040%20:13
2Zach GiuttariYanni Kaldis1223031%15:34
3Jake LivingstoneGuillaume Brisebois1222016%8:12
4Jacob Bernard-DockerZach Giuttari1221013%6:19
Power Play Forward
Line #Left WingCenterRight WingPHYDFOFWanted %Time %Time Play
1Egor SokolovWyatt BongiovanniJustin Bailey1226063%1:54
2Egor SokolovJack BeckerZach Solow1224037%1:07
Power Play Defense
Line #DefenseDefensePHYDFOFWanted %Time %Time Play
1Zach GiuttariJake Livingstone1226066%2:00
2Zach GiuttariYanni Kaldis1224034%1:01
Penalty Kill 4 Players Forward
Line #CenterWingPHYDFOFWanted %Time %Time Play
1Justin BaileyEgor Sokolov12260100%4:14
2Justin BaileyVincent Arseneau122400%0:00
Penalty Kill 4 Players Defense
Line #DefenseDefensePHYDFOFWanted %Time %Time Play
1Zach GiuttariJake Livingstone1226067%2:51
2Zach GiuttariYanni Kaldis1224033%1:23
Penalty Kill 3 Players
Line #WingPHYDFOFWanted %Time %Time PlayDefenseDefensePHYDFOFWanted %Time %Time Play
1Egor Sokolov122600%0:00 Yanni KaldisJake Livingstone122600%0:00
2Egor Sokolov122400%0:00 Zach GiuttariYanni Kaldis122400%0:00
4 vs 4 Forward
Line #CenterWingPHYDFOFWanted %Time %Time Play
1Justin BaileyEgor Sokolov12260100%1:43
2Justin BaileyVincent Arseneau122400%0:00
4 vs 4 Defense
Line #DefensePHYDFOFWanted %Time %Time Play
1Yanni KaldisJake Livingstone1226069%60% - 1:11
2Zach GiuttariYanni Kaldis1224031%40% - 0:32
Last Minutes Offensive
Left WingCenterRight WingDefenseDefense
Matthew KniesWyatt BongiovanniJustin BaileyPhilip BrobergJake Livingstone
Last Minutes Defensive
Left WingCenterRight WingDefenseDefense
Matthew KniesWyatt BongiovanniJustin BaileyPhilip BrobergJake Livingstone
Time
Total ForwardTotal DefenseLast Minutes OffensiveLast Minutes Defensive
60:00 60:00 0:000:44
Extra Forwards
Normal PowerPlayPenalty Kill
Xavier Parent, Kale Howarth, Zach TsekosXavier Parent, Kale HowarthZach Tsekos
Extra Defensemen
Normal PowerPlayPenalty Kill
Jake Livingstone, Guillaume Brisebois, Jacob Bernard-DockerJake Livingstone, Guillaume BriseboisJacob Bernard-Docker
Penalty Shots
Matthew Knies, Egor Sokolov, Justin Bailey, Vincent Arseneau, Wyatt Bongiovanni
Goalie
Louis Domingue, Joey Daccord
Scratches
Andrew Poturalski (Sprained Right Ankle Injury), Alex Vlasic (Sprained Right Ankle Injury)


Play-by-Play

1st period


0:01 of 1st period - Cole Schwindt wins face-off versus Wyatt Bongiovanni in neutral zone.
0:33 of 1st period - Wrist shot by Jiri Kulich.
0:33 of 1st period - Deflect By Markus Nurmi.
0:33 of 1st period - Shot Misses the Net.
0:33 of 1st period - Puck is out of play.
0:34 of 1st period - Joseph LaBate wins face-off versus Xavier Parent in Gulls zone.
0:59 of 1st period - Jeff Kubiak is hit by Egor Sokolov and loses puck.
1:24 of 1st period - Jakob Pelletier is hit by Matthew Knies.
1:50 of 1st period - Slapshot by Jake Livingstone.
1:50 of 1st period - Shot Misses the Net.
2:36 of 1st period - Philip Broberg is hit by Jacob MacDonald.
2:42 of 1st period - Matthew Kessel is hit by Matthew Knies and loses puck.
3:31 of 1st period - Wrist shot by Logan Stanley.
3:31 of 1st period - Shot Blocked by Philip Broberg.
4:45 of 1st period - Jake Livingstone is hit by Egor Zamula and loses puck.
4:56 of 1st period - Chris Wideman is hit by Jake Livingstone and loses puck.
5:11 of 1st period - Chris Wideman is hit by Justin Bailey and loses puck.
5:16 of 1st period - Snap shot by Justin Bailey.
5:16 of 1st period - Shot Blocked by Chris Wideman.
5:28 of 1st period - Zack Kassian is hit by Zach Solow and loses puck.
5:46 of 1st period - Mason Geertsen is hit by Maxim Cajkovic.
5:50 of 1st period - Xavier Parent is hit by Keean Washkurak and loses puck.
6:03 of 1st period - Justin Bailey is hit by Jiri Kulich and loses puck.
6:18 of 1st period - Chris Wideman is hit by Jack Becker.
6:30 of 1st period - Kale Howarth is hit by Jakob Pelletier and loses puck.
6:49 of 1st period - Snap shot by Jacob Perreault.
6:49 of 1st period - Stopped by Louis Domingue with a rebound.
7:17 of 1st period - Wrist shot by Jakob Pelletier.
7:17 of 1st period - Stopped by Louis Domingue with a rebound.
7:31 of 1st period - Zach Giuttari is hit by Jacob Perreault and loses puck.
7:59 of 1st period - Icing by Chris Wideman.
8:00 of 1st period - Xavier Parent wins face-off versus Keean Washkurak in Griffins zone.
8:07 of 1st period - Slapshot by Xavier Parent.
8:07 of 1st period - Shot Misses the Net.
8:09 of 1st period - Snap shot by Philip Broberg.
8:09 of 1st period - Stopped by Mads Sogaard without a rebound.
8:10 of 1st period - Jeff Kubiak wins face-off versus Xavier Parent in Griffins zone.
8:33 of 1st period - Jeff Kubiak is hit by Matthew Knies and loses puck.
8:53 of 1st period - Wrist shot by Jiri Kulich.
8:53 of 1st period - Shot Blocked by Zach Giuttari.
8:55 of 1st period - Slapshot by Matthew Kessel.
8:55 of 1st period - Shot Misses the Net.
8:57 of 1st period - Slapshot by Markus Nurmi.
8:57 of 1st period - Stopped by Louis Domingue without a rebound.
8:58 of 1st period - Jack Becker wins face-off versus Cole Schwindt in Gulls zone.
9:07 of 1st period - Jake Livingstone is hit by Zack Kassian and loses puck.
9:33 of 1st period - Slapshot by Chris Wideman.
9:33 of 1st period - Stopped by Louis Domingue with a rebound.
10:09 of 1st period - Snap shot by Zach Tsekos.
10:09 of 1st period - Shot Blocked by Zack Kassian.
10:25 of 1st period - Wrist shot by Jacob Perreault.
10:25 of 1st period - Deflect By Joseph LaBate.
10:25 of 1st period - Stopped by Louis Domingue without a rebound.
10:26 of 1st period - Xavier Parent wins face-off versus Jacob Perreault in Gulls zone.
10:34 of 1st period - Off-side.
10:35 of 1st period - Xavier Parent wins face-off versus Cole Schwindt in neutral zone.
11:12 of 1st period - Snap shot by Jiri Kulich.
11:12 of 1st period - Stopped by Louis Domingue with a rebound.
12:30 of 1st period - Philip Broberg is hit by Mason Geertsen and loses puck.
12:39 of 1st period - Snap shot by Egor Sokolov.
12:39 of 1st period - Stopped by Mads Sogaard with a rebound.
12:41 of 1st period - Slapshot by Jack Becker.
12:41 of 1st period - Goal by Jack Becker - Griffins : 0 - Gulls : 1.
12:42 of 1st period - Wyatt Bongiovanni wins face-off versus Cole Schwindt in neutral zone.
13:16 of 1st period - Snap shot by Jake Livingstone.
13:16 of 1st period - Stopped by Mads Sogaard without a rebound.
13:17 of 1st period - Cole Schwindt wins face-off versus Wyatt Bongiovanni in Griffins zone.
13:32 of 1st period - Snap shot by Matthew Knies.
13:32 of 1st period - Shot Blocked by Jacob MacDonald.
13:44 of 1st period - Vincent Arseneau is hit by Matthew Kessel and loses puck.
13:49 of 1st period - Slapshot by Chris Wideman.
13:49 of 1st period - Stopped by Louis Domingue with a rebound.
13:51 of 1st period - Slapshot by Jiri Kulich.
13:51 of 1st period - Shot Blocked by Jake Livingstone.
13:53 of 1st period - Slapshot by Chris Wideman.
13:53 of 1st period - Shot Misses the Net.
13:55 of 1st period - Slapshot by Chris Wideman.
13:55 of 1st period - Shot Misses the Net.
14:25 of 1st period - Snap shot by Jack Thompson.
14:25 of 1st period - Deflect By Zach Giuttari.
14:25 of 1st period - Stopped by Louis Domingue without a rebound.
14:26 of 1st period - Wyatt Bongiovanni wins face-off versus Keean Washkurak in Gulls zone.
14:39 of 1st period - Slapshot by Matthew Knies.
14:39 of 1st period - Deflect By Justin Bailey.
14:39 of 1st period - Shot Misses the Net.
14:39 of 1st period - Puck is out of play.
14:40 of 1st period - Jeff Kubiak wins face-off versus Wyatt Bongiovanni in Griffins zone.
14:49 of 1st period - Wrist shot by Justin Bailey.
14:49 of 1st period - Stopped by Mads Sogaard without a rebound.
14:50 of 1st period - Wyatt Bongiovanni wins face-off versus Jeff Kubiak in Griffins zone.
14:53 of 1st period - Wrist shot by Justin Bailey.
14:53 of 1st period - Stopped by Mads Sogaard without a rebound.
14:54 of 1st period - Cole Schwindt wins face-off versus Justin Bailey in Griffins zone.
14:59 of 1st period - Snap shot by Cole Schwindt.
14:59 of 1st period - Stopped by Louis Domingue without a rebound.
15:00 of 1st period - Justin Bailey wins face-off versus Cole Schwindt in Gulls zone.
15:26 of 1st period - Slapshot by Zach Giuttari.
15:26 of 1st period - Shot Blocked by Jordan Spence.
15:28 of 1st period - Snap shot by Zach Giuttari.
15:28 of 1st period - Deflect By Egor Sokolov.
15:28 of 1st period - Stopped by Mads Sogaard without a rebound.
15:29 of 1st period - Jeff Kubiak wins face-off versus Jack Becker in Griffins zone.
15:45 of 1st period - Slapshot by Markus Nurmi.
15:45 of 1st period - Shot Misses the Net.
15:47 of 1st period - Snap shot by Jeff Kubiak.
15:47 of 1st period - Shot Misses the Net.
16:05 of 1st period - Philip Broberg is hit by Jiri Kulich.
16:15 of 1st period - Slapshot by Jake Livingstone.
16:15 of 1st period - Stopped by Mads Sogaard with a rebound.
16:29 of 1st period - Slapshot by Markus Nurmi.
16:29 of 1st period - Shot Blocked by Jake Livingstone.
16:31 of 1st period - Snap shot by Jordan Spence.
16:31 of 1st period - Stopped by Louis Domingue without a rebound.
16:32 of 1st period - Cole Schwindt wins face-off versus Wyatt Bongiovanni in Gulls zone.
16:37 of 1st period - Snap shot by Jakob Pelletier.
16:37 of 1st period - Shot Misses the Net.
17:33 of 1st period - Slapshot by Chris Wideman.
17:33 of 1st period - Stopped by Louis Domingue with a rebound.
17:47 of 1st period - Snap shot by Matthew Knies.
17:47 of 1st period - Deflect By Justin Bailey.
17:47 of 1st period - Shot Hit the Post.
17:47 of 1st period - Puck is out of play.
17:48 of 1st period - Xavier Parent wins face-off versus Zack Kassian in Griffins zone.
17:49 of 1st period - Slapshot by Jake Livingstone.
17:49 of 1st period - Stopped by Mads Sogaard without a rebound.
17:50 of 1st period - Jakob Pelletier wins face-off versus Xavier Parent in Griffins zone.
18:01 of 1st period - Wrist shot by Zack Kassian.
18:01 of 1st period - Deflect By Philip Broberg.
18:01 of 1st period - Shot Misses the Net.
18:01 of 1st period - Puck is out of play.
18:02 of 1st period - Jack Becker wins face-off versus Joseph LaBate in Gulls zone.
18:31 of 1st period - Jeff Kubiak is hit by Jack Becker and loses puck.
18:53 of 1st period - Icing by Logan Stanley.
18:54 of 1st period - Jeff Kubiak wins face-off versus Wyatt Bongiovanni in Griffins zone.
18:54 of 1st period - Jeff Kubiak is hit by Justin Bailey.
19:14 of 1st period - Slapshot by Jordan Spence.
19:14 of 1st period - Deflect By Yanni Kaldis.
19:14 of 1st period - Stopped by Louis Domingue with a rebound.
19:30 of 1st period - Snap shot by Zack Kassian.
19:30 of 1st period - Shot Blocked by Xavier Parent.
19:32 of 1st period - Wrist shot by Zack Kassian.
19:32 of 1st period - Stopped by Louis Domingue without a rebound.
19:33 of 1st period - Cole Schwindt wins face-off versus Maxim Cajkovic in Gulls zone.
19:54 of 1st period - Snap shot by Jakob Pelletier.
19:54 of 1st period - Shot Misses the Net.
19:56 of 1st period - Wrist shot by Cole Schwindt.
19:56 of 1st period - Shot Misses the Net.
Goals for this period are 0 for Griffins vs 1 for Gulls.
Shots for this period are 13 for Griffins vs 9 for Gulls.

2nd period


0:01 of 2nd period - Joseph LaBate wins face-off versus Wyatt Bongiovanni in neutral zone.
0:04 of 2nd period - Slapshot by Chris Wideman.
0:04 of 2nd period - Stopped by Louis Domingue with a rebound.
0:26 of 2nd period - Guillaume Brisebois is hit by Jack Thompson and loses puck.
1:11 of 2nd period - Justin Bailey is hit by Egor Zamula and loses puck.
1:33 of 2nd period - Slapshot by Jakob Pelletier.
1:33 of 2nd period - Stopped by Louis Domingue with a rebound.
1:35 of 2nd period - Slapshot by Matthew Kessel.
1:35 of 2nd period - Shot Misses the Net.
1:37 of 2nd period - Wrist shot by Jakob Pelletier.
1:37 of 2nd period - Stopped by Louis Domingue without a rebound.
1:38 of 2nd period - Egor Sokolov wins face-off versus Joseph LaBate in Gulls zone.
1:38 of 2nd period - Egor Sokolov is hit by Jacob Perreault.
1:46 of 2nd period - Slapshot by Yanni Kaldis.
1:46 of 2nd period - Stopped by Mads Sogaard without a rebound.
1:47 of 2nd period - Jack Becker wins face-off versus Joseph LaBate in Griffins zone.
2:08 of 2nd period - Slapshot by Logan Stanley.
2:08 of 2nd period - Shot Misses the Net.
2:27 of 2nd period - Slapshot by Jacob Perreault.
2:27 of 2nd period - Shot Misses the Net.
2:29 of 2nd period - Snap shot by Emil Heineman.
2:29 of 2nd period - Goal by Emil Heineman - Griffins : 1 - Gulls : 1.
2:30 of 2nd period - Cole Schwindt wins face-off versus Wyatt Bongiovanni in neutral zone.
3:03 of 2nd period - Slapshot by Yanni Kaldis.
3:03 of 2nd period - Stopped by Mads Sogaard with a rebound.
3:05 of 2nd period - Slapshot by Yanni Kaldis.
3:05 of 2nd period - Stopped by Mads Sogaard with a rebound.
3:07 of 2nd period - Snap shot by Zach Tsekos.
3:07 of 2nd period - Shot Blocked by Zack Kassian.
3:09 of 2nd period - Snap shot by Egor Sokolov.
3:09 of 2nd period - Stopped by Mads Sogaard without a rebound.
3:10 of 2nd period - Jeff Kubiak wins face-off versus Wyatt Bongiovanni in Griffins zone.
3:37 of 2nd period - Matthew Kessel is hit by Jake Livingstone and loses puck.
4:26 of 2nd period - Minor Penalty to Zack Kassian for High sticking.
4:27 of 2nd period - Cole Schwindt wins face-off versus Wyatt Bongiovanni in Griffins zone.
4:38 of 2nd period - Snap shot by Egor Sokolov.
4:38 of 2nd period - Shot Misses the Net.
4:40 of 2nd period - Snap shot by Justin Bailey.
4:40 of 2nd period - Shot Blocked by Jordan Spence.
4:42 of 2nd period - Wrist shot by Egor Sokolov.
4:42 of 2nd period - Shot Misses the Net.
4:52 of 2nd period - Logan Stanley is hit by Jack Becker.
5:10 of 2nd period - Cole Schwindt is hit by Jake Livingstone and loses puck.
5:22 of 2nd period - Snap shot by Matthew Kessel.
5:22 of 2nd period - Shot Blocked by Jack Becker.
5:24 of 2nd period - Slapshot by Matthew Kessel.
5:24 of 2nd period - Stopped by Louis Domingue with a rebound.
5:26 of 2nd period - Snap shot by Matthew Kessel.
5:26 of 2nd period - Shot Blocked by Zach Giuttari.
6:26 of 2nd period - Penalty to Zack Kassian is over, Zack Kassian is back on ice.
8:03 of 2nd period - Wyatt Bongiovanni is hit by Jiri Kulich and loses puck.
8:55 of 2nd period - Minor Penalty to Jack Thompson for Holding Stick.
8:56 of 2nd period - Cole Schwindt wins face-off versus Wyatt Bongiovanni in Griffins zone.
9:31 of 2nd period - Off-side.
9:32 of 2nd period - Xavier Parent wins face-off versus Cole Schwindt in neutral zone.
9:35 of 2nd period - Slapshot by Zach Giuttari.
9:35 of 2nd period - Goal by Zach Giuttari - Griffins : 1 - Gulls : 2.
9:36 of 2nd period - Wyatt Bongiovanni wins face-off versus Cole Schwindt in neutral zone.
10:07 of 2nd period - Slapshot by Markus Nurmi.
10:07 of 2nd period - Stopped by Louis Domingue with a rebound.
10:09 of 2nd period - Snap shot by Jiri Kulich.
10:09 of 2nd period - Shot Blocked by Jack Becker.
10:11 of 2nd period - Snap shot by Jeff Kubiak.
10:11 of 2nd period - Stopped by Louis Domingue without a rebound.
10:12 of 2nd period - Joseph LaBate wins face-off versus Wyatt Bongiovanni in Gulls zone.
10:15 of 2nd period - Wrist shot by Joseph LaBate.
10:15 of 2nd period - Stopped by Louis Domingue with a rebound.
11:01 of 2nd period - Wrist shot by Jiri Kulich.
11:01 of 2nd period - Shot Blocked by Jake Livingstone.
11:08 of 2nd period - Philip Broberg is hit by Logan Stanley and loses puck.
11:44 of 2nd period - Wrist shot by Jacob Perreault.
11:44 of 2nd period - Shot Misses the Net.
11:46 of 2nd period - Snap shot by Joseph LaBate.
11:46 of 2nd period - Deflect By Zach Giuttari.
11:46 of 2nd period - Stopped by Louis Domingue with a rebound.
11:48 of 2nd period - Wrist shot by Emil Heineman.
11:48 of 2nd period - Shot Blocked by Kale Howarth.
12:00 of 2nd period - Wrist shot by Jakob Pelletier.
12:00 of 2nd period - Shot Misses the Net.
12:02 of 2nd period - Slapshot by Matthew Kessel.
12:02 of 2nd period - Shot Blocked by Zach Giuttari.
12:04 of 2nd period - Slapshot by Jakob Pelletier.
12:04 of 2nd period - Stopped by Louis Domingue with a rebound.
12:06 of 2nd period - Snap shot by Zack Kassian.
12:06 of 2nd period - Shot Blocked by Egor Sokolov.
12:08 of 2nd period - Slapshot by Matthew Kessel.
12:08 of 2nd period - Shot Misses the Net.
13:00 of 2nd period - Wyatt Bongiovanni is hit by Zack Kassian.
13:21 of 2nd period - Chris Wideman is hit by Justin Bailey and loses puck.
13:42 of 2nd period - Snap shot by Zack Kassian.
13:42 of 2nd period - Stopped by Louis Domingue with a rebound.
14:02 of 2nd period - Minor Penalty to Justin Bailey for Goalie Interference.
14:03 of 2nd period - Jeff Kubiak wins face-off versus Zach Tsekos in Gulls zone.
14:15 of 2nd period - Slapshot by Yanni Kaldis.
14:15 of 2nd period - Stopped by Mads Sogaard without a rebound.
14:16 of 2nd period - Jeff Kubiak wins face-off versus Zach Tsekos in Griffins zone.
14:18 of 2nd period - Minor Penalty to Jiri Kulich for Cross-checking.
14:19 of 2nd period - Jakob Pelletier wins face-off versus Xavier Parent in Griffins zone.
14:57 of 2nd period - Kale Howarth is hit by Jordan Spence and loses puck.
15:02 of 2nd period - Snap shot by Logan Stanley.
15:02 of 2nd period - Stopped by Louis Domingue without a rebound.
15:03 of 2nd period - Cole Schwindt wins face-off versus Kale Howarth in Gulls zone.
15:08 of 2nd period - Slapshot by Chris Wideman.
15:08 of 2nd period - Stopped by Louis Domingue with a rebound.
15:10 of 2nd period - Snap shot by Cole Schwindt.
15:10 of 2nd period - Stopped by Louis Domingue with a rebound.
15:26 of 2nd period - Snap shot by Cole Schwindt.
15:26 of 2nd period - Shot Misses the Net.
15:28 of 2nd period - Slapshot by Joseph LaBate.
15:28 of 2nd period - Shot Misses the Net.
15:38 of 2nd period - Jake Livingstone is hit by Cole Schwindt.
15:49 of 2nd period - Slapshot by Zach Giuttari.
15:49 of 2nd period - Shot Blocked by Logan Stanley.
15:55 of 2nd period - Slapshot by Logan Stanley.
15:55 of 2nd period - Stopped by Louis Domingue without a rebound.
15:56 of 2nd period - Jakob Pelletier wins face-off versus Xavier Parent in Gulls zone.
16:02 of 2nd period - Penalty to Justin Bailey is over, Justin Bailey is back on ice.
16:03 of 2nd period - Zack Kassian is hit by Yanni Kaldis and loses puck.
16:14 of 2nd period - Snap shot by Justin Bailey.
16:14 of 2nd period - Shot Blocked by Jack Thompson.
16:16 of 2nd period - Slapshot by Zach Giuttari.
16:16 of 2nd period - Shot Blocked by Jack Thompson.
16:18 of 2nd period - Penalty to Jiri Kulich is over, Jiri Kulich is back on ice.
16:18 of 2nd period - Slapshot by Jake Livingstone.
16:18 of 2nd period - Shot Blocked by Jakob Pelletier.
16:20 of 2nd period - Slapshot by Zach Giuttari.
16:20 of 2nd period - Stopped by Mads Sogaard without a rebound.
16:21 of 2nd period - Jeff Kubiak wins face-off versus Wyatt Bongiovanni in Griffins zone.
16:32 of 2nd period - Off-side.
16:33 of 2nd period - Jeff Kubiak wins face-off versus Jack Becker in neutral zone.
16:42 of 2nd period - Wrist shot by Markus Nurmi.
16:42 of 2nd period - Stopped by Louis Domingue with a rebound.
16:50 of 2nd period - Jake Livingstone is hit by Jacob MacDonald.
16:59 of 2nd period - Icing by Jake Livingstone.
17:00 of 2nd period - Cole Schwindt wins face-off versus Wyatt Bongiovanni in Gulls zone.
17:28 of 2nd period - Slapshot by Jake Livingstone.
17:28 of 2nd period - Stopped by Mads Sogaard with a rebound.
17:30 of 2nd period - Wrist shot by Vincent Arseneau.
17:30 of 2nd period - Shot Hit the Post.
17:32 of 2nd period - Slapshot by Philip Broberg.
17:32 of 2nd period - Shot Misses the Net.
17:34 of 2nd period - Backhand shot by Maxim Cajkovic.
17:34 of 2nd period - Shot Misses the Net.
18:24 of 2nd period - Snap shot by Vincent Arseneau.
18:24 of 2nd period - Stopped by Mads Sogaard without a rebound.
18:25 of 2nd period - Keean Washkurak wins face-off versus Xavier Parent in Griffins zone.
18:38 of 2nd period - Icing by Maxim Cajkovic.
18:39 of 2nd period - Jeff Kubiak wins face-off versus Xavier Parent in Gulls zone.
18:46 of 2nd period - Snap shot by Markus Nurmi.
18:46 of 2nd period - Shot Misses the Net.
18:48 of 2nd period - Slapshot by Jordan Spence.
18:48 of 2nd period - Shot Blocked by Jacob Bernard-Docker.
18:50 of 2nd period - Slapshot by Logan Stanley.
18:50 of 2nd period - Shot Blocked by Maxim Cajkovic.
18:52 of 2nd period - Slapshot by Jiri Kulich.
18:52 of 2nd period - Goal by Jiri Kulich - Griffins : 2 - Gulls : 2.
18:53 of 2nd period - Jiri Kulich wins face-off versus Wyatt Bongiovanni in neutral zone.
19:28 of 2nd period - Snap shot by Egor Sokolov.
19:28 of 2nd period - Shot Misses the Net.
19:30 of 2nd period - Slapshot by Jake Livingstone.
19:30 of 2nd period - Stopped by Mads Sogaard with a rebound.
Goals for this period are 2 for Griffins vs 1 for Gulls.
Shots for this period are 17 for Griffins vs 10 for Gulls.

3rd period


0:01 of 3rd period - Jeff Kubiak wins face-off versus Wyatt Bongiovanni in neutral zone.
0:12 of 3rd period - Wrist shot by Jiri Kulich.
0:12 of 3rd period - Shot Misses the Net.
0:14 of 3rd period - Snap shot by Jiri Kulich.
0:14 of 3rd period - Shot Blocked by Justin Bailey.
0:16 of 3rd period - Slapshot by Markus Nurmi.
0:16 of 3rd period - Stopped by Louis Domingue with a rebound.
0:35 of 3rd period - Slapshot by Cole Schwindt.
0:35 of 3rd period - Shot Hit the Post.
1:03 of 3rd period - Minor Penalty to Vincent Arseneau for Hooking.
1:04 of 3rd period - Cole Schwindt wins face-off versus Justin Bailey in Gulls zone.
1:05 of 3rd period - Slapshot by Jakob Pelletier.
1:05 of 3rd period - Shot Hit the Post.
1:07 of 3rd period - Snap shot by Cole Schwindt.
1:07 of 3rd period - Stopped by Louis Domingue without a rebound.
1:08 of 3rd period - Justin Bailey wins face-off versus Cole Schwindt in Gulls zone.
1:38 of 3rd period - Slapshot by Logan Stanley.
1:38 of 3rd period - Deflect By Yanni Kaldis.
1:38 of 3rd period - Stopped by Louis Domingue with a rebound.
1:40 of 3rd period - Snap shot by Jeff Kubiak.
1:40 of 3rd period - Griffins goal is going for a video replay.
1:40 of 3rd period - The goal is refused. The puck has been kicked using a distinct kicking motion..
1:41 of 3rd period - Jiri Kulich wins face-off versus Justin Bailey in Gulls zone.
1:54 of 3rd period - Jacob MacDonald is hit by Jake Livingstone and loses puck.
3:03 of 3rd period - Penalty to Vincent Arseneau is over, Vincent Arseneau is back on ice.
3:08 of 3rd period - Kale Howarth is hit by Joseph LaBate.
3:14 of 3rd period - Philip Broberg is hit by Jordan Spence and loses puck.
3:25 of 3rd period - Wrist shot by Vincent Arseneau.
3:25 of 3rd period - Shot Blocked by Jordan Spence.
3:27 of 3rd period - Slapshot by Philip Broberg.
3:27 of 3rd period - Stopped by Mads Sogaard without a rebound.
3:28 of 3rd period - Keean Washkurak wins face-off versus Xavier Parent in Griffins zone.
3:28 of 3rd period - Keean Washkurak is hit by Vincent Arseneau.
3:37 of 3rd period - Chris Wideman beats up Philip Broberg.
3:37 of 3rd period - Penalty to Philip Broberg for Fighting.
3:37 of 3rd period - Penalty to Chris Wideman for Fighting.
3:38 of 3rd period - Wyatt Bongiovanni wins face-off versus Markus Nurmi in Gulls zone.
3:47 of 3rd period - Slapshot by Matthew Knies.
3:47 of 3rd period - Deflect By Justin Bailey.
3:47 of 3rd period - Shot Misses the Net.
3:47 of 3rd period - Puck is out of play.
3:48 of 3rd period - Jeff Kubiak wins face-off versus Wyatt Bongiovanni in Griffins zone.
3:48 of 3rd period - Jeff Kubiak is hit by Wyatt Bongiovanni.
4:00 of 3rd period - Wrist shot by Matthew Knies.
4:00 of 3rd period - Stopped by Mads Sogaard with a rebound.
4:13 of 3rd period - Icing by Justin Bailey.
4:14 of 3rd period - Wyatt Bongiovanni wins face-off versus Cole Schwindt in Gulls zone.
4:14 of 3rd period - Wyatt Bongiovanni is hit by Zack Kassian.
4:24 of 3rd period - Slapshot by Matthew Knies.
4:24 of 3rd period - Deflect By Justin Bailey.
4:24 of 3rd period - Stopped by Mads Sogaard without a rebound.
4:25 of 3rd period - Jack Becker wins face-off versus Cole Schwindt in Griffins zone.
4:25 of 3rd period - Jack Becker is hit by Zack Kassian.
4:51 of 3rd period - Maxim Cajkovic is hit by Jeff Kubiak and loses puck.
4:58 of 3rd period - Wrist shot by Jeff Kubiak.
4:58 of 3rd period - Shot Misses the Net.
5:00 of 3rd period - Slapshot by Markus Nurmi.
5:00 of 3rd period - Deflect By Jeff Kubiak.
5:00 of 3rd period - Shot Blocked by Guillaume Brisebois.
5:00 of 3rd period - Puck is out of play.
5:01 of 3rd period - Joseph LaBate wins face-off versus Wyatt Bongiovanni in Gulls zone.
5:30 of 3rd period - Snap shot by Cole Schwindt.
5:30 of 3rd period - Stopped by Louis Domingue without a rebound.
5:31 of 3rd period - Jack Becker wins face-off versus Cole Schwindt in Gulls zone.
5:31 of 3rd period - Jack Becker is hit by Cole Schwindt.
5:37 of 3rd period - Zack Kassian is hit by Jake Livingstone and loses puck.
5:52 of 3rd period - Minor Penalty to Logan Stanley for Holding.
5:53 of 3rd period - Wyatt Bongiovanni wins face-off versus Jakob Pelletier in Griffins zone.
5:56 of 3rd period - Slapshot by Egor Sokolov.
5:56 of 3rd period - Shot Misses the Net.
5:58 of 3rd period - Wrist shot by Egor Sokolov.
5:58 of 3rd period - Goal by Egor Sokolov - Griffins : 2 - Gulls : 3.
5:59 of 3rd period - Jeff Kubiak wins face-off versus Wyatt Bongiovanni in neutral zone.
6:04 of 3rd period - Snap shot by Jiri Kulich.
6:04 of 3rd period - Stopped by Louis Domingue with a rebound.
6:06 of 3rd period - Slapshot by Jeff Kubiak.
6:06 of 3rd period - Stopped by Louis Domingue without a rebound.
6:07 of 3rd period - Jeff Kubiak wins face-off versus Justin Bailey in Gulls zone.
7:21 of 3rd period - Off-side.
7:22 of 3rd period - Wyatt Bongiovanni wins face-off versus Jeff Kubiak in neutral zone.
7:25 of 3rd period - Slapshot by Matthew Knies.
7:25 of 3rd period - Stopped by Mads Sogaard without a rebound.
7:26 of 3rd period - Wyatt Bongiovanni wins face-off versus Cole Schwindt in Griffins zone.
7:29 of 3rd period - Snap shot by Matthew Knies.
7:29 of 3rd period - Stopped by Mads Sogaard without a rebound.
7:30 of 3rd period - Cole Schwindt wins face-off versus Wyatt Bongiovanni in Griffins zone.
7:38 of 3rd period - Snap shot by Jacob MacDonald.
7:38 of 3rd period - Deflect By Matthew Knies.
7:38 of 3rd period - Stopped by Louis Domingue without a rebound.
7:39 of 3rd period - Zach Solow wins face-off versus Jeff Kubiak in Gulls zone.
7:39 of 3rd period - Zach Solow is hit by Jeff Kubiak.
7:42 of 3rd period - Minor Penalty to Jake Livingstone for Roughing.
7:43 of 3rd period - Justin Bailey wins face-off versus Zack Kassian in Gulls zone.
7:43 of 3rd period - Justin Bailey is hit by Logan Stanley.
7:56 of 3rd period - Snap shot by Zach Giuttari.
7:56 of 3rd period - Stopped by Mads Sogaard without a rebound.
7:57 of 3rd period - Cole Schwindt wins face-off versus Justin Bailey in Griffins zone.
8:29 of 3rd period - Wrist shot by Jiri Kulich.
8:29 of 3rd period - Stopped by Louis Domingue with a rebound.
8:37 of 3rd period - Penalty to Philip Broberg is over, Philip Broberg is back on ice.
9:42 of 3rd period - Penalty to Jake Livingstone is over, Jake Livingstone is back on ice.
10:14 of 3rd period - Philip Broberg is hit by Matthew Kessel.
10:18 of 3rd period - Matthew Knies is hit by Jordan Spence and loses puck.
10:31 of 3rd period - Egor Sokolov is hit by Jacob MacDonald and loses puck.
10:44 of 3rd period - Matthew Kessel is hit by Maxim Cajkovic and loses puck.
11:03 of 3rd period - Xavier Parent is hit by Logan Stanley.
11:17 of 3rd period - Zach Giuttari is hit by Mason Geertsen and loses puck.
11:32 of 3rd period - Philip Broberg is hit by Cole Schwindt.
11:40 of 3rd period - Cole Schwindt is hit by Jake Livingstone and loses puck.
12:55 of 3rd period - Yanni Kaldis is hit by Zack Kassian and loses puck.
13:36 of 3rd period - Snap shot by Joseph LaBate.
13:36 of 3rd period - Goal by Joseph LaBate - Griffins : 3 - Gulls : 3.
13:37 of 3rd period - Jeff Kubiak wins face-off versus Wyatt Bongiovanni in neutral zone.
13:53 of 3rd period - Markus Nurmi is hit by Wyatt Bongiovanni and loses puck.
14:09 of 3rd period - Snap shot by Zack Kassian.
14:09 of 3rd period - Stopped by Louis Domingue with a rebound.
14:17 of 3rd period - Slapshot by Jakob Pelletier.
14:17 of 3rd period - Shot Blocked by Jack Becker.
16:19 of 3rd period - Snap shot by Zach Solow.
16:19 of 3rd period - Shot Misses the Net.
16:53 of 3rd period - Icing by Jakob Pelletier.
16:54 of 3rd period - Wyatt Bongiovanni wins face-off versus Cole Schwindt in Griffins zone.
16:57 of 3rd period - Slapshot by Justin Bailey.
16:57 of 3rd period - Goal by Justin Bailey - Griffins : 3 - Gulls : 4.
16:58 of 3rd period - Xavier Parent wins face-off versus Joseph LaBate in neutral zone.
17:03 of 3rd period - Backhand shot by Xavier Parent.
17:03 of 3rd period - Shot Misses the Net.
17:11 of 3rd period - Wrist shot by Vincent Arseneau.
17:11 of 3rd period - Deflect By Xavier Parent.
17:11 of 3rd period - Stopped by Mads Sogaard with a rebound.
17:47 of 3rd period - Snap shot by Zach Tsekos.
17:47 of 3rd period - Deflect By Egor Sokolov.
17:47 of 3rd period - Stopped by Mads Sogaard without a rebound.
17:48 of 3rd period - Zach Tsekos wins face-off versus Jeff Kubiak in Griffins zone.
17:51 of 3rd period - Snap shot by Philip Broberg.
17:51 of 3rd period - Stopped by Mads Sogaard without a rebound.
17:52 of 3rd period - Zach Tsekos wins face-off versus Joseph LaBate in Griffins zone.
18:38 of 3rd period - Markus Nurmi is hit by Wyatt Bongiovanni and loses puck.
18:45 of 3rd period - Backhand shot by Matthew Knies.
18:45 of 3rd period - Deflect By Justin Bailey.
18:45 of 3rd period - Stopped by Mads Sogaard with a rebound.
19:07 of 3rd period - Wrist shot by Justin Bailey.
19:07 of 3rd period - Stopped by Mads Sogaard with a rebound.
19:09 of 3rd period - Snap shot by Justin Bailey.
19:09 of 3rd period - Stopped by Mads Sogaard with a rebound.
19:11 of 3rd period - Slapshot by Wyatt Bongiovanni.
19:11 of 3rd period - Stopped by Mads Sogaard with a rebound.
19:29 of 3rd period - Snap shot by Philip Broberg.
19:29 of 3rd period - Stopped by Mads Sogaard with a rebound.
19:31 of 3rd period - Snap shot by Matthew Knies.
19:31 of 3rd period - Stopped by Mads Sogaard without a rebound.
19:32 of 3rd period - Luke Richardson call a timeout for Griffins.
19:32 of 3rd period - Wyatt Bongiovanni wins face-off versus Cole Schwindt in Griffins zone.
19:35 of 3rd period - Wrist shot by Wyatt Bongiovanni.
19:35 of 3rd period - Goal by Wyatt Bongiovanni - Griffins : 3 - Gulls : 5.
19:36 of 3rd period - Joseph LaBate wins face-off versus Xavier Parent in neutral zone.
19:51 of 3rd period - Wrist shot by Emil Heineman.
19:51 of 3rd period - Shot Misses the Net.
Goals for this period are 1 for Griffins vs 3 for Gulls.
Shots for this period are 11 for Griffins vs 18 for Gulls.